[Event "*** SCC Grand Prix: Titled Tuesday Blitz"]
[Site "Chess.com"]
[Date "2020.07.07"]
[Round "10"]
[White "Future2700"]
[Black "vesalhamedinia"]
[Result "1-0"]
[WhiteElo "2404"]
[BlackElo "2205"]
[TimeControl "180+1"]
[EndTime "11:57:58 PDT"]
[Termination "Future2700 won on time"]

1. e4 c5 2. Nf3 Nc6 3. d4 cxd4 4.
Nxd4 Nf6 5. Nc3 e5 6. Ndb5 d6 7. Bg5 a6 8. Na3 b5 9. Bxf6 gxf6 10.
Nd5 f5 11. g3 Bg7 12. Bg2 O-O 13.
c3 Rb8 14. Nc2 Ne7 15. Nxe7+ Qxe7 16. Ne3 fxe4 17. Bxe4 f5 18. Nd5 Qf7 19. Bg2 Bb7 20. O-O Kh8 21. a4 e4 22. Nf4 Be5 23. Qd2 Bc6 24. axb5 Bxb5 25. Rfd1 Bc4 26. Bh3 Rb6 27. Nd5 Rb5 28. Nb4 a5 29. Nc6 Qe6 30. Nxa5 Bd3 31.
Bf1 Bxf1 32. Rxf1 Rfb8 33. b4 Rc8 34. Rfc1 Qg6 35. c4 Rbb8 36. Rab1 Qg7 37. b5 Qf7 38.
Nc6 Bf6 39. Nxb8 Rxb8 40. Qxd6 Rd8 41. Qc5 Bd4 42. Qa3 e3 43. fxe3 Bb6 44. c5 Bc7 45. b6 Be5 46. c6 Rd2 47. c7 Kg7 48. c8=Q Qd5 49. Qa7+ Kg6 50. Qe8+ Kg5 51. Qae7+ Kg4 52. Rb4+ Kf3 53. Qh5+ Kxe3 54. Re1+ Kd3 55. Qxf5+ Kc3 56. Rc1+ 1-0

[Event "*** SCC Grand Prix: Titled Tuesday Blitz"]
[Site "Chess.com"]
[Date "2020.07.07"]
[Round "10"]
[White "cukin84"]
[Black "Sacbutt"]
[Result "0-1"]
[WhiteElo "2174"]
[BlackElo "2307"]
[TimeControl "180+1"]
[EndTime "11:57:58 PDT"]
[Termination "Sacbutt won by resignation"]

1. e4 d5 2. exd5 Qxd5 3. Nc3 Qd6 4. Nf3 Nf6 5. d4 c6 6. g3 Bg4 7. Bg2 e6 8. Bf4 Qd8 9. O-O Bd6 10. Be5 O-O 11. Qe1 Bb4 12. Rd1 Nbd7 13. Bf4 Nd5 14. Bd2 Nxc3 15. bxc3 Be7 16. h3 Bh5 17. g4 Bg6 18. Rb1 Qc7 19. Qc1 Bd6 20. c4 b6 21.
a4 Rac8 22. a5 Rfd8 23. axb6 axb6 24. Qb2 c5 25. d5 exd5 26. cxd5 Rb8 27. Rbe1 b5 28.
Ra1 c4 29. Ba5 Nb6 30. Nd4 Be5 31. c3 Bxd4 32. cxd4 Qd7 33. Bb4 Nxd5 34. Bc5 c3 35. Qb3 Nf4 36. Ra7 Qe6 37. Qxe6 Nxe6 38. Rc1 c2 39. Be7 Rxd4 40. Bf3 b4 41. Ra4 b3 42. Rxd4 Nxd4 43. Bd5 Ne2+ 0-1

[Event "*** SCC Grand Prix: Titled Tuesday Blitz"]
[Site "Chess.com"]
[Date "2020.07.07"]
[Round "10"]
[White "amintabatabaei"]
[Black "ArjunErigaisi2003"]
[Result "1-0"]
[WhiteElo "2957"]
[BlackElo "3023"]
[TimeControl "180+1"]
[EndTime "11:57:59 PDT"]
[Termination "amintabatabaei won by resignation"]

1. e4 c5 2. Nf3 d6 3. Bb5+ Bd7 4. Bxd7+ Qxd7 5. c4 Nc6 6. Nc3 e5 7. d3 g6 8. a3 Bg7 9. Rb1 Nge7 10. b4 b6 11. h4 h6 12. h5 g5 13. Nh2 O-O 14. Ng4 cxb4 15. axb4 Nd4 16. O-O b5 17. Ne3 a5 18. bxa5 Rxa5 19. Nxb5 Nxb5 20. Bd2 Ra3 21. cxb5 Rxd3 22. Qc2 Rd4 23. b6 Qb7 24. Rfc1 Rc8 25. Qb2 Rxe4 26. Rxc8+ Nxc8 27. Qc2 Rd4 28. Nf5 Kf8 29.
Nxd4 exd4 30. Ba5 Be5 31. Qh7 Ke7 32. Rc1 Qe4 33. Qxe4 1-0

[Event "*** SCC Grand Prix: Titled Tuesday Blitz"]
[Site "Chess.com"]
[Date "2020.07.07"]
[Round "10"]
[White "Rish_97"]
[Black "shnitez"]
[Result "1-0"]
[WhiteElo "2672"]
[BlackElo "2522"]
[TimeControl "180+1"]
[EndTime "11:57:59 PDT"]
[Termination "Rish_97 won on time"]

1. d4 Nf6 2. Nf3 e6 3. c4 b6 4. g3 Bb7 5. Bg2 Be7 6. O-O O-O 7. Re1 d5 8. cxd5 exd5 9. Nc3 Nbd7 10. Bf4 c5 11. Rc1 Ne4 12. Ne5 Nxe5 13. Bxe5 Nxc3 14. bxc3 Rc8 15. Qa4 a6 16. Red1 b5 17. Qb3 c4 18.
Qc2 a5 19. e4 b4 20. Rb1 Re8 21. h4 Bf8 22. Re1 dxe4 23. Bxe4 Bxe4 24. Rxe4 Qd5 25.
Rg4 Rc6 26. h5 f6 27. Bf4 Qf3 28. Qf5 Qd3 29. Qd5+ Rce6 30. Re1 Kf7 31. Bc1 bxc3 32. Rge4 Qf3 33. Qxc4 1-0

[Event "*** SCC Grand Prix: Titled Tuesday Blitz"]
[Site "Chess.com"]
[Date "2020.07.07"]
[Round "10"]
[White "Artem_Koval"]
[Black "Nara_Kh"]
[Result "1-0"]
[WhiteElo "2433"]
[BlackElo "2295"]
[TimeControl "180+1"]
[EndTime "11:57:59 PDT"]
[Termination "Artem_Koval won by resignation"]

1. e4 c5 2. Nf3 d6 3. d4 Nf6 4. Nc3 cxd4 5. Nxd4 a6 6. f4 e5 7. Nf3 Nbd7 8. Bd3 b5 9. a3 Be7 10. O-O O-O 11. Kh1 Bb7 12. Qe2 Re8 13. Bd2 Nc5 14.
Rae1 Bf8 15. Qf2 exf4 16. Bxf4 Ncxe4 17. Qh4 Nxc3 18. bxc3 Ne4 19. Ng5 h6 20. Qh5 hxg5 21. Bxg5 Nxg5 22. Rxe8 Qxe8 23. Qxg5 Qe5 24. Rf5 Qe1+ 25.
Rf1 Qd2 26. Qxd2 Re8 27. Qf4 Bd5 28. c4 bxc4 29. Bxc4 Bxc4 30. Qxc4 Re6 31. Qxa6 g6 32. Qc4 Kg7 33. a4 Be7 34. a5 Bg5 35. a6 Be3 36. Ra1 Re7 37. Qc3+ f6 38. Qxe3 Rxe3 39. a7 Re1+ 40.
Rxe1 1-0

[Event "*** SCC Grand Prix: Titled Tuesday Blitz"]
[Site "Chess.com"]
[Date "2020.07.07"]
[Round "10"]
[White "UKR_Master"]
[Black "grandemestregringo"]
[Result "0-1"]
[WhiteElo "2329"]
[BlackElo "2505"]
[TimeControl "180+1"]
[EndTime "11:58:00 PDT"]
[Termination "grandemestregringo won by resignation"]

1. e4 e5 2. Nf3 Nc6 3. Bb5 a6 4.
Ba4 Nf6 5. O-O Be7 6. Re1 b5 7. Bb3 d6 8. c3 O-O 9. h3 Nb8 10. d4 Nbd7 11. Bc2 Bb7 12. b3 Re8 13. Bb2 Bf8 14.
Nbd2 Rc8 15. a4 c6 16. Nf1 g6 17. Ng3 Bg7 18. Qd2 Qc7 19. axb5 axb5 20. Rad1 Red8 21.
Qe3 Ra8 22. Ra1 h5 23. Ne2 c5 24. d5 c4 25. b4 Kf8 26. Ng5 Ke7 27. Rf1 Bh6 28.
Qg3 Qb6 29. Kh2 h4 30. Qxh4 Rh8 31. f4 Rxa1 32. Bxa1 Qe3 33. fxe5 dxe5 34. d6+ Ke8 35. Ne6 Bf4+ 36. Rxf4 Rxh4 37. Rxh4 fxe6 38. Ng3 Qc1 39. Bd1 Qxd1 40. Rh7 Nxh7 0-1

[Event "*** SCC Grand Prix: Titled Tuesday Blitz"]
[Site "Chess.com"]
[Date "2020.07.07"]
[Round "10"]
[White "plumalka"]
[Black "Vesper2018"]
[Result "0-1"]
[WhiteElo "2398"]
[BlackElo "2544"]
[TimeControl "180+1"]
[EndTime "11:58:00 PDT"]
[Termination "Vesper2018 won by resignation"]

1. e4 c5 2. Nf3 d6 3. d4 cxd4 4. Nxd4 Nf6 5. Nc3 a6 6. Nb3 Nc6 7. Be2 e6 8. g4 h6 9. h4 Be7 10. Be3 Nd7 11. Qd2 b5 12. O-O-O Nde5 13. g5 h5 14. f4 Nc4 15. Bxc4 bxc4 16. Nd4 Nxd4 17. Qxd4 O-O 18. f5 exf5 19. Nd5 Re8 20. Qxc4 Be6 21. exf5 Bxf5 22. Rhf1 Bg6 23. Nf4 Rc8 24. Qd5 Rxc2+ 25.
Kb1 Rc5+ 26. Ka1 Rxd5 27. Nxd5 Qa5 28. Bb6 Qa4 29. Nc3 Qc6 30. Bd4 Bf8 31. Rf2 d5 32. Rfd2 Bb4 33. a3 Bxc3 34. Bxc3 Be4 35. Rf2 d4 36. Rxd4 Bd5 37. g6 fxg6 38. Rf1 Bf7 39. Rg1 Qe6 40. Kb1 Qa2+ 41. Kc1 Qa1+ 42. Kc2 Qxg1 43.
Rd2 Qg4 44. Rd4 Qf5+ 45. Kc1 Bb3 0-1

[Event "*** SCC Grand Prix: Titled Tuesday Blitz"]
[Site "Chess.com"]
[Date "2020.07.07"]
[Round "10"]
[White "Srisshhhtea"]
[Black "Tekushka"]
[Result "1-0"]
[WhiteElo "2506"]
[BlackElo "2366"]
[TimeControl "180+1"]
[EndTime "11:58:00 PDT"]
[Termination "Srisshhhtea won on time"]

1. d4 d5 2. c4 c6 3. Nc3 Nf6 4. Nf3 dxc4 5. a4 Bf5 6. Ne5 Nbd7 7. Nxc4 Qc7 8. f3 e5 9. e4 exd4 10. Qxd4 Be6 11. Qd1 Bc5 12. Be2 O-O-O 13. Qc2 Nh5 14. Be3 Bxc4 15. Bxc5 Nxc5 16. Bxc4 Nf4 17. O-O Qe5 18.
Rfd1 f6 19. b4 Nce6 20. Bxe6+ Nxe6 21. Ne2 Rxd1+ 22. Rxd1 Rd8 23. Rxd8+ Kxd8 24. f4 Qd6 25. b5 c5 26. g3 b6 27. Qc4 Ke7 28. Kf2 h5 29.
Ke3 Qd1 30. f5 Ng5 31. Qg8 Qb3+ 32. Qxb3 1-0

[Event "*** SCC Grand Prix: Titled Tuesday Blitz"]
[Site "Chess.com"]
[Date "2020.07.07"]
[Round "10"]
[White "fabianvivasz"]
[Black "TST2014"]
[Result "1-0"]
[WhiteElo "2258"]
[BlackElo "2454"]
[TimeControl "180+1"]
[EndTime "11:58:00 PDT"]
[Termination "fabianvivasz won on time"]

1. e4 c5 2. Nf3 Nc6 3. d4 cxd4 4. Nxd4 Nf6 5. Nc3 d6 6. Bg5 e6 7. Qd2 a6 8. Nxc6 bxc6 9. O-O-O e5 10. f4 Be7 11. Bxf6 gxf6 12. Bc4 Bg4 13. Rdf1 Be6 14. Bxe6 fxe6 15. f5 exf5 16. Rxf5 Qb6 17. Qh6 O-O-O 18.
Qg7 Qc7 19. Rd1 Rdg8 20. Qh6 Rxg2 21. Qh3 Rgg8 22. Rxe5+ Qd7 23. Rf5 Rg5 24. Qd3 Rxf5 25. exf5 Kb7 26. Re1 d5 27. Na4 Bd6 28. Qb3+ Ka8 29.
Nb6+ 1-0

[Event "*** SCC Grand Prix: Titled Tuesday Blitz"]
[Site "Chess.com"]
[Date "2020.07.07"]
[Round "10"]
[White "lucachess49"]
[Black "Aguiar94"]
[Result "0-1"]
[WhiteElo "2396"]
[BlackElo "2530"]
[TimeControl "180+1"]
[EndTime "11:58:01 PDT"]
[Termination "Aguiar94 won by resignation"]

1. d4 Nf6 2. c4 e6 3. Nc3 Bb4 4. e3 O-O 5. Ne2 Re8 6. a3 Bf8 7. Ng3 e5 8. dxe5 Rxe5 9. Be2 a5 10. O-O Nc6 11. e4 Bc5 12. Bf4 Re8 13. Nd5 d6 14.
Bg5 Bd4 15. Nh5 Bxb2 16. Rb1 Bd4 17. Bxf6 gxf6 18. Bg4 Kh8 19. Bxc8 Qxc8 20. Nhxf6 Re6 21. Qf3 b6 22. Rb3 Be5 23. Qf5 Rxf6 24. Qxc8+ Rxc8 25. Nxf6 Bxf6 26. g3 Bd4 27. Kg2 Ne5 28. Rc1 Bc5 29. h3 Re8 30. f4 Nc6 31. Re1 f5 32. e5 dxe5 33. fxe5 Rxe5 34. Re4 0-1

[Event "*** SCC Grand Prix: Titled Tuesday Blitz"]
[Site "Chess.com"]
[Date "2020.07.07"]
[Round "10"]
[White "Artur0208"]
[Black "Guenplen"]
[Result "0-1"]
[WhiteElo "2789"]
[BlackElo "2909"]
[TimeControl "180+1"]
[EndTime "11:58:02 PDT"]
[Termination "Guenplen won by checkmate"]

1. d4 d5 2. c4 e6 3. Nc3 a6 4. cxd5 exd5 5. Nf3 Nf6 6. Bg5 Be6 7. e3 Nbd7 8. Bd3 h6 9. Bh4 g5 10. Bg3 Nh5 11.
Qc2 c6 12. O-O-O Nxg3 13. hxg3 Bg7 14. Kb1 Qc7 15. e4 dxe4 16. Bxe4 O-O-O 17. d5 cxd5 18.
Bxd5 Bxd5 19. Nxd5 Qxc2+ 20. Kxc2 Rhe8 21. Rhe1 Kb8 22. Rxe8 Rxe8 23. Ne3 Nc5 24. Nf5 Bf8 25. Re1 Rc8 26. Re2 h5 27. Kd1 f6 28. N3d4 Rd8 29.
Kc2 Rc8 30. Kd1 Rd8 31. Ke1 Nd3+ 32. Kf1 Bc5 33. Ne6 Rd5 34. Nxc5 Rxc5 35. Re8+ Kc7 36.
Re7+ Kb6 37. b3 Rxf5 38. f3 Re5 39. Rf7 Re1# 0-1

[Event "*** SCC Grand Prix: Titled Tuesday Blitz"]
[Site "Chess.com"]
[Date "2020.07.07"]
[Round "10"]
[White "Shubinkirill2003"]
[Black "rpragchess"]
[Result "0-1"]
[WhiteElo "2629"]
[BlackElo "2813"]
[TimeControl "180+1"]
[EndTime "11:58:03 PDT"]
[Termination "rpragchess won by resignation"]

1. e4 c5 2. Nf3 e6 3. g3 Nc6 4. Bg2 Nf6 5. Qe2 e5 6. O-O Be7 7. Nc3 O-O 8. Nd5 d6 9. c3 Be6 10. Ne1 Re8 11. Nc2 Bf8 12. Nce3 g6 13.
d3 Bg7 14. a4 Ne7 15. Nxf6+ Bxf6 16. Ng4 Bg7 17. Bg5 Bxg4 18. Qxg4 Qc8 19. Qh4 Nc6 20. f4 exf4 21. gxf4 Qc7 22. Rf2 Rab8 23. Raf1 b5 24. axb5 Rxb5 25. e5 Reb8 26. b4 cxb4 27. c4 Ra5 28.
Bd5 Nd4 29. Bf6 Nf5 30. Qg5 b3 31. e6 fxe6 32. Bxe6+ Kh8 33. Rg2 b2 34. Bxg7+ Qxg7 35. Rb1 Ra1 0-1

[Event "*** SCC Grand Prix: Titled Tuesday Blitz"]
[Site "Chess.com"]
[Date "2020.07.07"]
[Round "10"]
[White "ElCoachRene"]
[Black "profofchess"]
[Result "0-1"]
[WhiteElo "2210"]
[BlackElo "2435"]
[TimeControl "180+1"]
[EndTime "11:58:06 PDT"]
[Termination "profofchess won on time"]

1. d4 Nf6 2. Bf4 c5 3. e3 Nd5 4. Bg3 Qb6 5. Qc1 cxd4 6. exd4 Qxd4 7. Nf3 Qb4+ 8. Nbd2 Nc6 9. c3 Qa5 10. Nc4 Qd8 11.
Bd3 g6 12. O-O Bg7 13. Re1 O-O 14. a4 d6 15. Qg5 Nf6 16. Qh4 Qd7 17. h3 Nh5 18.
Rad1 Nxg3 19. fxg3 Qc7 20. Ne3 Ne5 21. Nxe5 Bxe5 22.
Nd5 Qc5+ 23. Kh2 e6 24. Rxe5 exd5 25. Rxd5 Qe3 26. Bf1 Be6 27. Rxd6 Rfe8 28. Qf6 Rac8 29. R6d3 Qe4 30. Rf3 Qxa4 31. Re1 Rc6 32. Rxe6 Rcxe6 33. Qxf7+ Kh8 0-1

[Event "*** SCC Grand Prix: Titled Tuesday Blitz"]
[Site "Chess.com"]
[Date "2020.07.07"]
[Round "10"]
[White "Gennady_Kozlov"]
[Black "Ginger_GM"]
[Result "0-1"]
[WhiteElo "2554"]
[BlackElo "2679"]
[TimeControl "180+1"]
[EndTime "11:58:07 PDT"]
[Termination "Ginger_GM won on time"]

1. b3 e5 2. Bb2 e4 3. e3 Nf6 4. d4 d5 5. c4 c6 6. Nc3 Bd6 7. Nge2 O-O 8. g3 h5 9. Nf4 h4 10. cxd5 cxd5 11. Nfxd5 Nxd5 12. Nxd5 Nc6 13. Bc4 b5 14. Bxb5 Qa5+ 15. Nc3 Bb4 16. Qd2 Ne7 17. Bc4 Bg4 18. a3 Bxc3 19. Qxc3 Qg5 20. gxh4 Qxh4 21. Rg1 Nf5 22. d5 f6 23. d6+ Kh7 24. Be6 Rad8 25.
Qc7 Rg8 26. Bxf5+ Bxf5 27. Qe7 Qh5 28. Bxf6 Rd7 29. Qe5 gxf6 30. Rxg8 fxe5 0-1

[Event "*** SCC Grand Prix: Titled Tuesday Blitz"]
[Site "Chess.com"]
[Date "2020.07.07"]
[Round "10"]
[White "Kopytkin"]
[Black "tsvet2005"]
[Result "0-1"]
[WhiteElo "2461"]
[BlackElo "2635"]
[TimeControl "180+1"]
[EndTime "11:58:07 PDT"]
[Termination "tsvet2005 won on time"]

1. e4 c5 2. d4 cxd4 3. c3 dxc3 4. Nxc3 Nc6 5. Nf3 e6 6. Bc4 a6 7. O-O Nge7 8. Bg5 h6 9. Bh4 g5 10. Bg3 Ng6 11. Re1 b5 12. Bb3 d6 13. Rc1 Bb7 14. Nd4 Be7 15. Nxe6 fxe6 16. Bxe6 Kf8 17. Nd5 Kg7 18. Qd2 Nce5 19. Rc3 Kh7 20. Rec1 Nc4 21. Qe2 Bc8 22. Bxc8 Rxc8 23. b3 Nb6 24. Nc7 Qd7 25. e5 dxe5 26. Rd1 Qf5 27. Rf3 Nf4 28. Bxf4 gxf4 29.
g3 Rhd8 30. Rxd8 Bxd8 31. Nxa6 Rc1+ 32. Kg2 Nd5 0-1

[Event "*** SCC Grand Prix: Titled Tuesday Blitz"]
[Site "Chess.com"]
[Date "2020.07.07"]
[Round "10"]
[White "Marty435"]
[Black "Omk124"]
[Result "0-1"]
[WhiteElo "2501"]
[BlackElo "2390"]
[TimeControl "180+1"]
[EndTime "11:58:07 PDT"]
[Termination "Omk124 won by checkmate"]

1. d4 Nf6 2. Bf4 g6 3. Nc3 Bg7 4. e4 d6 5. Qd2 c6 6. O-O-O O-O 7.
Bh6 b5 8. f3 a5 9. h4 b4 10.
Nce2 Nbd7 11. h5 Qc7 12. g4 c5 13. Kb1 cxd4 14. Nxd4 Ne5 15. hxg6 fxg6 16. Bxg7 Kxg7 17. Qh6+ Kg8 18. g5 Nh5 19. Bh3 Rf7 20. Bxc8 Rxc8 21.
Rxh5 gxh5 22. Qxh5 Qc4 23. Qh3 Ng6 24. b3 Qc5 25.
Nge2 e5 26. Qe6 exd4 27. Nxd4 Nf4 28. Qg4 Ne2 29. g6 Nxd4 30. gxf7+ Kxf7 31. Qf4+ Ke8 32. Rd2 Nxc2 33. Rd1 Na3+ 34. Ka1 Qc3# 0-1

[Event "*** SCC Grand Prix: Titled Tuesday Blitz"]
[Site "Chess.com"]
[Date "2020.07.07"]
[Round "10"]
[White "malakismayil"]
[Black "Bastiandash"]
[Result "1-0"]
[WhiteElo "2165"]
[BlackElo "2306"]
[TimeControl "180+1"]
[EndTime "11:58:07 PDT"]
[Termination "malakismayil won by checkmate"]

1. e4 c5 2. Nf3 e6 3. d4 cxd4 4. Nxd4 a6 5. Bd3 Bc5 6. Nb3 Be7 7. O-O Qc7 8. Nc3 b5 9. a3 Bb7 10. Be3 Nf6 11. h3 d6 12. f4 Nbd7 13. Qe2 h5 14. Rae1 h4 15. Qd2 Nc5 16. Bf2 Nxd3 17. cxd3 Rc8 18. Rc1 Qd7 19. Be3 Nh5 20. Ne2 O-O 21.
f5 g6 22. Bg5 exf5 23. exf5 Rfe8 24. Nbd4 Rxc1 25. Qxc1 Bd8 26. fxg6 fxg6 27. Bxd8 Qxd8 28. Qh6 Ng7 29. Qxg6 Qe7 30. Nf5 Qd7 31. Nh6+ Kh8 32. Rf7 Re6 33. Qxg7# 1-0

[Event "*** SCC Grand Prix: Titled Tuesday Blitz"]
[Site "Chess.com"]
[Date "2020.07.07"]
[Round "10"]
[White "Timerkhanov"]
[Black "KuzubovYuriy"]
[Result "1-0"]
[WhiteElo "2646"]
[BlackElo "2821"]
[TimeControl "180+1"]
[EndTime "11:58:08 PDT"]
[Termination "Timerkhanov won on time"]

1. d4 Nf6 2. Bg5 d5 3. Nd2 e6 4. e3 c5 5. c3 Nc6 6. f4 h6 7. Bxf6 Qxf6 8. Ngf3 g5 9. g3 gxf4 10. gxf4 Bd7 11. a3 O-O-O 12. Bd3 Kb8 13. Qe2 Rc8 14.
b4 cxd4 15. cxd4 Ne7 16. Ne5 Be8 17. O-O Nf5 18. Rac1 Rxc1 19. Rxc1 Nd6 20. Kh1 Qd8 21. Rg1 Be7 22. Qf3 a5 23. Nb3 axb4 24. axb4 Nc4 25.
Nc5 Nxe5 26. fxe5 Qb6 27. Qg3 Bf8 28. Qf4 Be7 29. Qg3 Bf8 30. Qf2 Be7 31. Qa2 f6 32.
Ra1 fxe5 33. Qa8+ Kc7 34. Rc1 Bxc5 35. Rxc5+ 1-0

[Event "*** SCC Grand Prix: Titled Tuesday Blitz"]
[Site "Chess.com"]
[Date "2020.07.07"]
[Round "10"]
[White "RobertoJBM"]
[Black "Isajevsky_Anton"]
[Result "1-0"]
[WhiteElo "2716"]
[BlackElo "2555"]
[TimeControl "180+1"]
[EndTime "11:58:09 PDT"]
[Termination "RobertoJBM won on time"]

1. d4 d5 2. c4 e6 3. Nc3 Nf6 4.
cxd5 exd5 5. Bg5 c6 6. e3 Bf5 7.
Qf3 Bg6 8. Bxf6 Qxf6 9. Qxf6 gxf6 10. h4 Nd7 11. Nge2 Bd6 12. g3 Nb6 13. Nf4 Bxf4 14. gxf4 Nc8 15. Kd2 Nd6 16. Bd3 Ke7 17. Rag1 Rhg8 18.
Be2 Bf5 19. f3 Rae8 20. Ke1 Kd7 21. Kf2 Ke7 22. Rxg8 Rxg8 23. Re1 Kd7 24. Bf1 Re8 25. b3 b6 26. Bg2 Bd3 27. e4 Nb5 28. Nxb5 Bxb5 29. Bh3+ Kd8 30. Bf5 Rg8 31. Rc1 dxe4 32. fxe4 Kc7 33. b4 Kd6 34. a3 h6 35. Bh3 Bd3 36. Bg2 Bb5 37. Bf3 Kd7 38. e5 fxe5 39. dxe5 Ke7 40. f5 f6 41. e6 Kd6 42. Re1 c5 43.
bxc5+ bxc5 44. Bh5 Ke7 45. Rb1 a6 46. a4 1-0

[Event "*** SCC Grand Prix: Titled Tuesday Blitz"]
[Site "Chess.com"]
[Date "2020.07.07"]
[Round "10"]
[White "GelmanAlexander"]
[Black "1977Ivan"]
[Result "1-0"]
[WhiteElo "2570"]
[BlackElo "2674"]
[TimeControl "180+1"]
[EndTime "11:58:09 PDT"]
[Termination "GelmanAlexander won by resignation"]

1. c4 e5 2. e3 Nf6 3. a3 g6 4. d3 Bg7 5. Nf3 Nc6 6. Nc3 O-O 7.
Be2 d5 8. cxd5 Nxd5 9. Bd2 a5 10. O-O b6 11. Rc1 Bb7 12. Qc2 h6 13.
h3 Kh7 14. Ne4 f5 15. Ng3 Qd7 16. Rfe1 f4 17. Ne4 Rad8 18. Rf1 Kh8 19. Nh2 Qf7 20.
Nf3 g5 21. Nh2 Qg6 22. Qd1 Nce7 23. Bh5 Qe6 24. Qe2 Nf5 25. Bg4 Qe7 26. Nf3 Ba6 27.
Rfd1 Ndxe3 28. Bxe3 fxe3 29. fxe3 Nd6 30. Nfd2 a4 31. Bf3 Nf5 32. Nf1 c5 33. Qc2 Nh4 34. Be2 Qf7 35. Qxa4 Bb7 36. Nfg3 Qg6 37. Rf1 Bd5 38. Rxf8+ Bxf8 39. Rf1 Be7 40. Qa7 Re8 41. Qd7 Bc6 42. Qc7 c4 43. Qxe5+ Kh7 44. Bh5 Qg8 45.
Bxe8 Qxe8 46. dxc4 Bc5 47. Nf6+ 1-0

[Event "*** SCC Grand Prix: Titled Tuesday Blitz"]
[Site "Chess.com"]
[Date "2020.07.07"]
[Round "10"]
[White "Andrei_Belozerov"]
[Black "Budisavljevic"]
[Result "1-0"]
[WhiteElo "2559"]
[BlackElo "2410"]
[TimeControl "180+1"]
[EndTime "11:58:09 PDT"]
[Termination "Andrei_Belozerov won on time"]

1. e4 c5 2. Nf3 e6 3. d4 cxd4 4. Nxd4 a6 5. Bd3 Bc5 6. Nb3 Be7 7. Qg4 Nf6 8. Qg3 d6 9. Nc3 Nbd7 10. Be3 O-O 11. O-O-O b5 12. f4 b4 13. Ne2 a5 14.
Nbd4 Bb7 15. e5 Nd5 16. Qh3 g6 17. f5 Nxe3 18. fxe6 Nxe5 19. Qxe3 Bg5 20. Nf4 Qf6 21. Rhf1 fxe6 22. g3 Nxd3+ 23. Qxd3 e5 24. Qb5 exf4 25. Kb1 Be4 26. gxf4 Bxf4 27. Ne2 g5 28. h4 Qg6 29. Nxf4 Rxf4 30. Rg1 Bxc2+ 31. Kc1 g4 32. Qd5+ Kg7 33. Qxa8 Bxd1 34. Rxd1 Rc4+ 35. Kd2 Qc2+ 36. Ke3 Qd2+ 37. Rxd2 1-0

[Event "*** SCC Grand Prix: Titled Tuesday Blitz"]
[Site "Chess.com"]
[Date "2020.07.07"]
[Round "10"]
[White "Djager97"]
[Black "Maili15"]
[Result "1-0"]
[WhiteElo "2394"]
[BlackElo "2260"]
[TimeControl "180+1"]
[EndTime "11:58:09 PDT"]
[Termination "Djager97 won on time"]

1. e4 c5 2. Nf3 d6 3. d4 cxd4 4.
Nxd4 Nf6 5. Nc3 a6 6. Bg5 Nbd7 7. f4 Qc7 8. Qf3 h6 9. Bxf6 Nxf6 10. f5 g5 11. fxg6 fxg6 12. O-O-O Bg4 13. Qg3 Kf7 14. Bd3 Bxd1 15. e5 Bh5 16. exf6 exf6 17. Nd5 Qc5 18. Nf4 Qxd4 19. Nxh5 Rg8 20. Nf4 g5 21. Ne2 Qe5 22. Qh3 Kg7 23. Qh5 Kh8 24. Rf1 Re8 25. Rf5 Qe3+ 26. Kd1 Re6 27. Qf7 Bg7 28. Rf3 Qxf3 29.
gxf3 Re5 30. Qg6 f5 31. Bxf5 Rxf5 32. Qxf5 Rf8 33. Qe4 b5 34. Ng3 Bxb2 35. Nf5 Bg7 36. Nxg7 Kxg7 37. Qe7+ Rf7 38. Qxd6 Rxf3 39. Qxa6 Rf1+ 40.
Ke2 Rf5 41. Qb7+ Kg6 42. Qc6+ Kg7 43. c4 bxc4 44. Qxc4 h5 45. a4 g4 46. Qc7+ Kg6 47.
a5 Kg5 48. a6 1-0

[Event "*** SCC Grand Prix: Titled Tuesday Blitz"]
[Site "Chess.com"]
[Date "2020.07.07"]
[Round "10"]
[White "chalowey97"]
[Black "Synctel"]
[Result "1-0"]
[WhiteElo "2139"]
[BlackElo "1924"]
[TimeControl "180+1"]
[EndTime "11:58:09 PDT"]
[Termination "chalowey97 won on time"]

1. Nf3 d5 2. d4 Nf6 3. e3 e6 4. Bd3 c5 5. b3 Nc6 6. Bb2 Bd6 7. O-O O-O 8. c4 b6 9. Re1 Bb7 10. a3 Ne7 11. Nbd2 Ne4 12. Bxe4 dxe4 13. Ng5 Nf5 14. Qh5 h6 15. Ngxe4 cxd4 16. exd4 Nxd4 17. Nxd6 Qxd6 18. Qg4 Nf5 19. Rad1 Qc6 20. Nf3 Rad8 21. h4 Rxd1 22. Rxd1 Qe4 23. Qxe4 Bxe4 24. Ne5 Bc2 25. Rd7 Bxb3 26.
Rxa7 f6 27. Ng6 Rc8 28. Nf4 Bxc4 29. Rb7 e5 30. Ng6 b5 31. h5 Bf7 32. g4 Bxg6 33.
hxg6 Nd4 34. Kg2 1-0

[Event "*** SCC Grand Prix: Titled Tuesday Blitz"]
[Site "Chess.com"]
[Date "2020.07.07"]
[Round "10"]
[White "alfiefischer77"]
[Black "Juanovic"]
[Result "0-1"]
[WhiteElo "2263"]
[BlackElo "2094"]
[TimeControl "180+1"]
[EndTime "11:58:10 PDT"]
[Termination "Juanovic won by resignation"]

1. e4 c5 2. Nf3 d6 3. d4 cxd4 4. Nxd4 Nf6 5. Nc3 g6 6. Be3 Bg7 7. Bc4 Nc6 8. f3 O-O 9. Qd2 Bd7 10. O-O-O Rc8 11. Bb3 Ne5 12. h4 Nc4 13. Bxc4 Rxc4 14. h5 a6 15. hxg6 fxg6 16. Bh6 Bxh6 17. Qxh6 Rxc3 18. bxc3 Qa5 19. Nb3 Qxc3 20. Rd3 Qc4 21. g4 Rc8 22. Qd2 Be6 23. Rh2 a5 24. e5 dxe5 25. Rd8+ Kf7 26. Rxc8 Bxc8 27. Nxa5 Qxa2 28. Nb3 Be6 29. Qc3 Qa3+ 30. Qb2 Qd6 31. Rd2 Qc6 32. Rd3 e4 33. fxe4 Qxe4 34. Kb1 Qxg4 35. Nc5 Qg1+ 36. Qc1 Qxc5 37. Qe3 Qxe3 38. Rxe3 h5 39. Rh3 Bxh3 0-1

[Event "*** SCC Grand Prix: Titled Tuesday Blitz"]
[Site "Chess.com"]
[Date "2020.07.07"]
[Round "10"]
[White "TigrVShlyape"]
[Black "Kobalia"]
[Result "1/2-1/2"]
[WhiteElo "2887"]
[BlackElo "2725"]
[TimeControl "180+1"]
[EndTime "11:58:12 PDT"]
[Termination "Game drawn by repetition"]

1. d4 d5 2. Nf3 Nf6 3. Bf4 c5 4. e3 cxd4 5. exd4 Nc6 6. Nbd2 Bg4 7. c3 e6 8. Be2 Bd6 9. Bxd6 Qxd6 10. O-O O-O 11.
Re1 Qc7 12. a4 Rac8 13. Qb3 Na5 14. Qb4 Rfd8 15. Bf1 Bf5 16. Ne5 Ne4 17. Nb3 Nxb3 18. Qxb3 Nd2 19. Qd1 Nxf1 20. Rxf1 Rb8 21. Re1 a5 22. h4 f6 23. Nd3 Rd6 24. h5 h6 25.
Re3 b5 26. Nc5 b4 27. Qe2 bxc3 28. bxc3 Rdb6 29. g4 Be4 30. Nxe4 dxe4 31. Rxe4 Qxc3 32.
Re1 Rb2 33. Qa6 R8b6 34. Qa8+ Kh7 35. Qe8 Qf3 36. Qg6+ Kg8 37. Qe8+ Kh7 38. Qg6+ Kg8 39. Qe8+ Kh7 1/2-1/2

[Event "*** SCC Grand Prix: Titled Tuesday Blitz"]
[Site "Chess.com"]
[Date "2020.07.07"]
[Round "10"]
[White "aNaartjieZA"]
[Black "secretsuperstar7"]
[Result "1-0"]
[WhiteElo "2515"]
[BlackElo "2144"]
[TimeControl "180+1"]
[EndTime "11:58:12 PDT"]
[Termination "aNaartjieZA won on time"]

1. e4 c5 2. Nf3 d6 3. g3 Nc6 4. Bg2 Nf6 5. d3 g6 6. O-O Bg7 7. Re1 O-O 8. c3 e5 9. a3 Ne8 10. b4 Nc7 11. Nbd2 b6 12. Bb2 Ba6 13. c4 cxb4 14. axb4 Nxb4 15. Nf1 Nc6 16. Ne3 Bb7 17.
Ba3 Ne6 18. Nd5 Nc5 19. Rb1 Ne7 20. h4 Nxd5 21. exd5 h6 22. Bxc5 dxc5 23. Nxe5 Qd6 24. f4 Rfe8 25. Nf3 Rad8 26. Rxe8+ Rxe8 27. Qa4 Qb8 28. Re1 Bd4+ 29. Kf1 Rxe1+ 30. Kxe1 a6 31. Nxd4 cxd4 32.
Qd7 Kg7 33. Qe7 Qc8 34. d6 Qg4 35. Bxb7 Qxg3+ 36. Ke2 Qh2+ 37. Kd1 Qg1+ 38. Qe1 Qg4+ 39. Kc2 1-0